 Dungeon Crawl Stone Soup version 0.29-a0-338-g1ff7896281 (webtiles) character file.

Game seed: 12504959066567448897

103779 Antichthon the Cleaver (level 16, -1/141 HPs)
             Began as a Naga Warper on Apr 18, 2022.
             Was the Champion of Cheibriados.
             Killed from afar by a shock serpent (27 damage)
             ... with a bolt of electricity
             ... on level 2 of the Snake Pit.
             The game lasted 01:23:17 (31960 turns).

Antichthon the Cleaver (Naga Warper)               Turns: 31960, Time: 01:23:18

Health: -1/141     AC: 34    Str: 37    XL:     16   Next: 36%
Magic:  35/35      EV: 11    Int: 30    God:    Cheibriados [******]
Gold:   308        SH: 14    Dex: 32    Spells: 23/28 levels left

rFire   + + .      SeeInvis +   a - +4 hand axe
rCold   + + .      Faith    .   A - +0 kite shield {reflect}
rNeg    . . .      Spirit   .   p - +0 troll leather armour
rPois   +          Reflect  +   e - +2 helmet
rElec   .          Harm     .   H - +2 cloak {rCorr}
rCorr   +          Rampage  .   Q - +2 pair of gloves
Will    ++...                   I - +7 barding of Zivynoq {MP+9}
Stlth   ++++++....              K - amulet "Besk" {RegenMP Dex+2}
HPRegen 1.13/turn               R - ring "Qats" {rF++ rC+ Str+6}
MPRegen 0.64/turn               q - ring of Ufinam {rC+ AC+4}

@: short of breath, constricted, studying Axes, very slow
A: AC +5, large, see invisible, deformed body, poison resistance, slowness 2,
spit poison 2, naga tail 2, subdued magic 1
a: Breathe Poison Gas, Renounce Religion, Bend Time, Temporal Distortion,
Slouch, Step From Time


You were on level 2 of the Snake Pit.
You worshipped Cheibriados.
Cheibriados was exalted by your worship.
You visited 5 branches of the dungeon, and saw 23 of its levels.
You also visited: Sewer and Ice Cave.

You collected 2442 gold pieces.
You spent 2134 gold pieces at shops.

Inventory:

Hand Weapons
 a - a +4 hand axe (weapon)
 b - a +2 hunting sling of freezing
 V - a +2 battleaxe
Armour
 e - a +2 helmet (worn)
 n - a +2 scale mail of fire resistance
 p - a +0 troll leather armour (worn)
 A - a +0 kite shield of reflection (worn)
 H - a +2 cloak of preservation (worn)
 I - the +7 barding of Zivynoq (worn) {MP+9}
   (You acquired it on level 5 of the Lair of Beasts)

   MP:        It affects your magic capacity (+9).
 Q - a +2 pair of gloves (worn)
Magical Staves
 z - a staff of earth
Jewellery
 q - the ring of Ufinam (right hand) {rC+ AC+4}
   (You acquired it on level 4 of the Dungeon)

   [ring of protection]

   AC:        It affects your AC (+4).
   rC:        It protects you from cold.
 J - a ring of positive energy
 K - the amulet "Besk" (around neck) {RegenMP Dex+2}
   (You found it on level 8 of the Dungeon)

   [amulet of magic regeneration]

   It increases your rate of magic regeneration.
   Dex:       It affects your dexterity (+2).
 R - the ring "Qats" (left hand) {rF++ rC+ Str+6}
   (You bought it in a shop on level 1 of the Snake Pit)

   [ring of strength]

   Str:       It affects your strength (+6).
   rF:        It greatly protects you from fire.
   rC:        It protects you from cold.
Wands
 d - a wand of digging (7)
 t - a wand of charming (22)
 y - a wand of mindburst (9)
 B - a wand of acid (18)
 F - a wand of flame (37)
 P - a wand of paralysis (16)
 Z - a wand of iceblast (7)
Scrolls
 i - 5 scrolls of torment
 j - 5 scrolls of enchant weapon
 m - 16 scrolls of teleportation
 o - a scroll of silence
 s - 4 scrolls of vulnerability
 u - 4 scrolls of holy word
 w - 6 scrolls of immolation
 x - 5 scrolls of fear
 D - 6 scrolls of enchant armour
 E - 4 scrolls of blinking
 O - 2 scrolls of magic mapping
 W - 3 scrolls of amnesia
 X - a scroll of brand weapon
 Y - 2 scrolls of fog
Potions
 c - 8 potions of haste
 f - 4 potions of brilliance
 g - 2 potions of might
 h - a potion of experience {unknown}
 k - 6 potions of lignification
 l - 4 potions of resistance
 r - 9 potions of curing
 v - 3 potions of cancellation
 C - 2 potions of invisibility
 G - 2 potions of berserk rage
 L - 2 potions of magic
 M - 6 potions of heal wounds
 N - 3 potions of ambrosia
 S - 2 potions of attraction {unknown}
 T - 3 potions of mutation
 U - 2 potions of flight


   Skills:
 * Level 8.6 Fighting
 * Level 14.9 Axes
 * Level 7.1(7.2) Slings
 - Level 0.8(4.5) Throwing
 * Level 6.9 Armour
 * Level 7.1 Dodging
 * Level 11.2 Stealth
 * Level 7.9 Shields
 * Level 6.9 Spellcasting
 * Level 7.6 Translocations
 * Level 6.9 Transmutations
 * Level 7.0 Earth Magic
 * Level 7.3 Invocations


You had 23 spell levels left.
You knew the following spells:

 Your Spells              Type           Power      Damage    Failure   Level
a - Blink                 Tloc           86%        N/A       1%          2
b - Teleport Other        Tloc           43%        N/A       1%          3

Your spell library contained the following spells:

 Spells                   Type           Power      Damage    Failure   Level
 Gell's Gravitas          Tloc           43%        N/A       1%          3
 Lesser Beckoning         Tloc           43%        N/A       1%          3
 Portal Projectile        Hex/Tloc       50%        N/A       4%          3
 Magic Dart               Conj           32%        1d4       9%          1
 Summon Small Mammal      Summ           32%        N/A       9%          1
 Ignite Poison            Fire/Tmut/Pois 18%        N/A       10%         3
 Manifold Assault         Tloc           43%        N/A       10%         5
 Call Imp                 Summ           8%         N/A       13%         2
 Searing Ray              Conj           16%        2d5       13%         2
 Blade Hands              Tmut           20%        N/A       13%         5
 Lee's Rapid Deconstruct  Erth           20%        3d13*     13%         5
 Iskenderun's Mystic Bla  Conj/Tloc      25%        2d7       19%         4
 Animate Armour           Summ/Erth      48%        N/A       21%         4
 Ice Form                 Ice/Tmut       24%        N/A       21%         4
 Leda's Liquefaction      Hex/Erth       12%        N/A       21%         4
 Call Canine Familiar     Summ           8%         N/A       26%         3
 Conjure Flame            Conj/Fire      8%         6-21      26%         3
 Frozen Ramparts          Ice            16%        1d3       26%         3
 Mephitic Cloud           Conj/Pois/Air  8%         N/A       26%         3
 Ozocubu's Armour         Ice            8%         N/A       26%         3
 Summon Guardian Golem    Hex/Summ       8%         N/A       26%         3
 Tukima's Dance           Hex            8%         N/A       26%         3
 Dispersal                Tloc           21%        N/A       52%         6
 Anguish                  Hex/Necr       4%         N/A       67%         4
 Dispel Undead            Necr           8%         3d8       67%         4
 Fulminant Prism          Conj/Hex       4%         3d6       67%         4
 Hailstorm                Conj/Ice       8%         3d4       67%         4
 Sticky Flame             Conj/Fire      8%         2d3       67%         4
 Agony                    Necr           8%         N/A       95%         5
 Metabolic Englaciation   Hex/Ice        4%         N/A       95%         5
 Iron Shot                Conj/Erth      12%        9d3       98%         6
 Simulacrum               Ice/Necr       4%         N/A       100%        6
 Enfeeble                 Hex            4%         N/A       100%        7
 Ozocubu's Refrigeration  Ice            4%         4d5       100%        7
 Disjunction              Tloc           21%        N/A       100%        8
 Polar Vortex             Ice            4%         N/A       100%        9


Dungeon Overview and Level Annotations

Branches:
Dungeon (12/15)            Temple (1/1) D:7            Lair (6/6) D:10
 Shoals (0/4) Lair:3        Snake (2/4) Lair:3        Slime (0/5) Lair:5
    Orc (2/2) D:9             Elf (0/3) Orc:2         Sewer (visited)
  IceCv (visited)

Altars:
Ashenzari
Cheibriados
Dithmenos
Elyvilon
Fedhas
Gozag
Hepliaklqana
Kikubaaqudgha
Makhleb
Nemelex Xobeh
Okawaru
Qazlal
Ru
Sif Muna
Trog
Uskayaw
Vehumet
Wu Jian
Xom
Yredelemnul
Zin
The Shining One
Jiyva

Shops:
D:4 *![   D:5 ?   D:7 [   Orc:2 ?![[   Snake:1 =

Annotations:
D:9 exclusions: ice statue and orange crystal statue


Innate Abilities, Weirdness & Mutations

Your serpentine skin is tough. (AC +5)
You have supernaturally acute eyesight. (SInv)
Armour fits poorly on your strangely shaped body.
Your system is resistant to poisons. (rPois)
You cover ground very slowly.
You can exhale a cloud of poison.
You can use your snake-like lower body to constrict enemies.
Your spells are a little easier to cast, but a little less powerful.


Message History

The splash of poison hits you but does no damage.
You resist.
You see here an anaconda corpse.
You closely miss the naga. Your grab misses the naga.
The naga is lightly wounded.
You slash the shock serpent!
The shock serpent's electric aura discharges, shocking you!
The naga looks more healthy.
The shock serpent bites you! The shock serpent shocks you!
You block the naga's attack. The naga completely misses you.
You hit the shock serpent. You grab the shock serpent.
The shock serpent is lightly wounded.
You slash the naga! You constrict the shock serpent.
You block the shock serpent's attack.
Unknown command.
You barely miss the shock serpent.
The shock serpent is moderately wounded.
You hit the naga. You constrict the shock serpent.
The shock serpent shoots out a bolt of lightning at you!
The bolt of electricity hits you!! The bolt of electricity hits you!
The bolt of electricity hits the shock serpent.
The shock serpent completely resists.
The shock serpent's electric aura discharges, shocking you!
The naga hits you but does no damage. You block the naga's attack.
You hit the shock serpent but do no damage.
The shock serpent is moderately wounded.
You hit the naga. You constrict the shock serpent!
The shock serpent bites you but does no damage.
The shock serpent's electric aura discharges, shocking you!
* * * LOW HITPOINT WARNING * * *
The naga barely misses you. The naga grabs you. The naga constricts you.
* * * LOW HITPOINT WARNING * * *
You barely miss the shock serpent.
The shock serpent is heavily wounded.
You barely miss the naga. You constrict the shock serpent.
The shock serpent shoots out a bolt of lightning at you!
The bolt of electricity hits you!
* * * LOW HITPOINT WARNING * * *
The bolt of electricity hits you!!
You die...

S.......# ........#
........# #####
........# #...#
........# #.#.#
........###.#.#
>.......##..#.#
......SN##.##.# ###
####..#@#..##.########..
##.#...###..........#
###.#).#..........####
#..........#####.##
#..........# #..#
#.....[....# ##.##
#.........|# #..###
#..........# ##....
###.##.....### ##...


You could see a shock serpent and a naga.

Vanquished Creatures
  Kirke (Lair:4)
  Donald (Snake:2)
  Aizul (Snake:2)
  A reaper (IceCv)
  An ettin (Orc:1)
  Snorg (D:11)
  Fannar (D:10)
  4 ogre magi (Orc:2)
  Harold (Lair:1)
  2 boulder beetles
  12 hydras
  A catoblepas (Lair:6)
  A naga warrior (Snake:1)
  3 anacondas
  15 two-headed ogres
  Erica (Lair:1)
  Sonja (D:10)
  Urug (D:10)
  A deep troll shaman (Lair:6)
  6 death yaks (Lair:6)
  3 shock serpents (Snake:1)
  3 naga sharpshooters
  Nergalle (D:12)
  A swamp dragon (shapeshifter) (D:12)
  Pikel (D:7)
  An orc knight (Orc:1)
  A cyclops (D:12)
  A salamander (Snake:1)
  8 elephants
  15 black mambas
  An ice statue (IceCv)
  A torpor snail (Lair:5)
  2 naga magi
  16 cane toads
  Psyche (D:10)
  5 rime drakes
  2 kobold demonologists (D:11)
  A freezing wraith (IceCv)
  A demonic crawler (Lair:6)
  13 komodo dragons
  An entropy weaver simulacrum (IceCv)
  2 ice devils (IceCv)
  5 polar bears
  6 trolls
  A hornet (D:8)
  A tyrant leech (Lair:6)
  14 blink frogs
  13 slime creatures (D:12)
  A shadow (D:8)
  5 wyverns
  84 yaks
  2 wraiths (D:10)
  A human (Lair:4)
  Grum (D:10)
  12 vampire mosquitoes
  2 basilisks (Lair:2)
  5 wargs (Orc:1)
  5 death yak simulacra (IceCv)
  3 steam dragons
  An acid dragon (D:11)
  2 swamp worms (Lair:6)
  14 nagas
  18 water moccasins
  Pargi (Sewer)
  3 black bears
  2 ice beasts
  3 sky beasts
  9 orc warriors
  26 ogres
  5 centaurs
  43 wolves
  2 lemures (D:7)
  3 kobold brigands
  16 bullfrogs
  3 necrophages
  3 scorpions
  A gnoll sergeant (D:10)
  3 cane toad simulacra (IceCv)
  20 wights
  5 two-headed ogre simulacra (IceCv)
  2 elephant simulacra (IceCv)
  43 killer bees
  11 howler monkeys
  An electric eel (Lair:4)
  A jelly (D:6)
  Crazy Yiuf (D:7)
  2 hounds
  13 orc priests
  A gnoll shaman (D:8)
  3 iguanas
  17 orc wizards
  6 spriggan simulacra (IceCv)
  17 hell rats
  2 polar bear simulacra (IceCv)
  3 troll simulacra (IceCv)
  2 wolf simulacra (IceCv)
  11 gnolls
  7 naga simulacra (IceCv)
  5 adders
  5 white imps
  8 ufetubi
  5 worms
  4 dart slugs
  52 orcs
  14 ball pythons
  7 endoplasms
  5 giant cockroaches
  10 goblins
  3 hobgoblins
  6 jackals
  14 kobolds
  2 quokkas (D:4)
  7 bats
  13 frilled lizards
  11 rats
795 creatures vanquished.

Vanquished Creatures (others)
  A naga (Snake:2)
  57 fungi
  117 plants
175 creatures vanquished.

Grand Total: 970 creatures vanquished

Notes
Turn   | Place    | Note
-------+----------+-------------------------------------------
     0 | D:1      | Antichthon the Naga Warper began the quest for the Orb.
     0 | D:1      | Reached XP level 1. HP: 19/19 MP: 3/3
   458 | D:1      | Reached XP level 2. HP: 15/26 MP: 5/5
   739 | D:1      | Reached skill level 3 in Axes
  1367 | D:2      | Reached XP level 3. HP: 32/32 MP: 6/6
  1372 | D:2      | Learned a level 2 spell: Blink
  1376 | D:2      | Learned a level 3 spell: Teleport Other
  1666 | D:2      | Found a faded altar of an unknown god.
  2018 | D:2      | Reached skill level 4 in Axes
  2265 | D:2      | Reached XP level 4. HP: 26/39 MP: 7/7
  2665 | D:3      | Found an opulent altar of Gozag.
  2884 | D:3      | Reached skill level 5 in Axes
  2884 | D:3      | Reached XP level 5. HP: 28/45 MP: 4/8
  3701 | D:3      | Noticed a centaur
  3707 | D:3      | Killed a centaur
  3708 | D:3      | Reached skill level 6 in Axes
  3708 | D:3      | Reached XP level 6. HP: 42/52 MP: 9/9
  3948 | D:4      | Found Xodiycue's Antique Armour Emporium.
  3951 | D:4      | Bought a runed helmet for 172 gold pieces
  4012 | D:4      | Found a glowing drain.
  4018 | Sewer    | Entered a sewer
  4145 | Sewer    | Noticed Pargi
  4179 | Sewer    | Killed Pargi
  4180 | Sewer    | Reached skill level 7 in Axes
  4180 | Sewer    | Reached XP level 7. HP: 27/60 MP: 10/10
  4669 | D:4      | Found Miq Xub's Distillery.
  4707 | D:4      | Bought a potion of degeneration for 12 gold pieces
  4732 | D:4      | Found Ysiol's General Store.
  4740 | D:4      | Found an iron altar of Okawaru.
  5078 | D:4      | Identified a scroll of acquirement
  5079 | D:4      | Acquired the ring of Ufinam {rC+ AC+4}
  5401 | D:5      | Entered Level 5 of the Dungeon
  5414 | D:5      | Reached skill level 8 in Axes
  5639 | D:5      | Reached skill level 9 in Axes
  5639 | D:5      | Reached XP level 8. HP: 62/67 MP: 11/11
  6261 | D:5      | Found Vehecih's Magic Scroll Boutique.
  6527 | D:4      | Bought a glowing cloak for 172 gold pieces
  6766 | D:6      | Reached skill level 10 in Axes
  6960 | D:6      | Reached skill level 1 in Armour
  7231 | D:6      | Reached skill level 1 in Stealth
  7326 | D:6      | Reached XP level 9. HP: 43/73 MP: 12/12
  7328 | D:6      | Reached skill level 1 in Invocations
  7789 | D:7      | Reached skill level 1 in Transmutations
  7789 | D:7      | Reached skill level 1 in Earth Magic
  7860 | D:7      | Noticed Pikel
  7921 | D:7      | Killed Pikel
  7922 | D:7      | Reached skill level 1 in Slings
  7922 | D:7      | Reached skill level 1 in Shields
  7999 | D:7      | Found a staircase to the Ecumenical Temple.
  8095 | Temple   | Entered the Ecumenical Temple
  8139 | Temple   | Became a worshipper of Cheibriados the Contemplative
  8826 | D:7      | Found a runed translucent door.
  8827 | D:7      | Noticed Crazy Yiuf
  8877 | D:7      | Found Hivim's Antique Armour Shoppe.
  9097 | D:8      | Reached skill level 11 in Axes
  9342 | D:8      | Found an ornate altar of the Wu Jian Council.
  9344 | D:8      | Found a sacrificial altar of Ru.
  9347 | D:8      | Found a shimmering altar of Xom.
  9352 | D:8      | Found an ancient bone altar of Kikubaaqudgha.
  9354 | D:8      | Found a stormy altar of Qazlal.
  9355 | D:8      | Found a glowing golden altar of the Shining One.
  9357 | D:8      | Found a bloodstained altar of Trog.
  9361 | D:8      | Found a radiant altar of Vehumet.
  9362 | D:8      | Found a hide-covered altar of Uskayaw.
  9414 | D:8      | Reached * piety under Cheibriados
  9563 | D:8      | Reached XP level 10. HP: 56/78 MP: 14/14
 10177 | D:4      | Bought a pair of glowing gloves for 172 gold pieces
 10379 | D:8      | Found a shadowy altar of Dithmenos.
 10560 | D:8      | Paralysed by a hornet for 3 turns
 11047 | D:8      | Identified the amulet "Besk" {RegenMP Dex+2}
 11131 | D:9      | Reached ** piety under Cheibriados
 11235 | D:9      | Noticed a two-headed ogre
 11826 | D:8      | Reached *** piety under Cheibriados
 12142 | D:7      | Bought a smoking robe for 142 gold pieces
 12142 | D:7      | Identified the +1 robe of Untold Secrets {Int+2 Archmagi}
                  | (You bought it in a shop on level 7 of the Dungeon)
 12216 | D:7      | Killed Crazy Yiuf
 12432 | D:9      | Noticed an orange crystal statue
 12481 | D:9      | Noticed an ice statue
 12493 | D:9      | Killed a two-headed ogre
 12494 | D:9      | Reached skill level 5 in Stealth
 12707 | D:9      | Found a staircase to the Orcish Mines.
 12725 | D:9      | Reached XP level 11. HP: 92/92 MP: 16/16
 13094 | D:10     | Entered Level 10 of the Dungeon
 13131 | D:10     | Noticed Urug
 13300 | D:10     | Noticed Psyche
 13318 | D:10     | Killed Psyche
 13447 | D:10     | Noticed Sonja
 13571 | D:10     | Gained mutation: You are partially covered in iridescent
                  | scales. (AC +2) [potion of mutation]
 13571 | D:10     | Gained mutation: You are dopey. (Int -2) [potion of
                  | mutation]
 13572 | D:10     | Lost mutation: You are partially covered in iridescent
                  | scales. (AC +2) [potion of mutation]
 13572 | D:10     | Lost mutation: You are dopey. (Int -2) [potion of mutation]
 13572 | D:10     | Gained mutation: Your spells are a little easier to cast,
                  | but a little less powerful. [potion of mutation]
 13573 | D:10     | Lost mutation: Your spells are a little easier to cast, but
                  | a little less powerful. [potion of mutation]
 13573 | D:10     | Gained mutation: Your flesh is cold resistant. (rC+)
                  | [potion of mutation]
 13574 | D:10     | Lost mutation: Your flesh is cold resistant. (rC+) [potion
                  | of mutation]
 13574 | D:10     | Gained mutation: You can exhale a cloud of poison. [potion
                  | of mutation]
 13574 | D:10     | Gained mutation: Your spells are a little easier to cast,
                  | but a little less powerful. [potion of mutation]
 13586 | D:10     | Found a hazy altar of Hepliaklqana.
 13918 | D:10     | Found a staircase to the Lair.
 13925 | D:10     | Noticed Fannar
 13948 | D:10     | Killed Fannar
 14220 | D:10     | Noticed Grum
 14228 | D:10     | Killed Grum
 14332 | D:10     | Reached skill level 12 in Axes
 14495 | D:10     | Reached **** piety under Cheibriados
 14884 | D:10     | Killed Sonja
 15169 | Lair:1   | Entered Level 1 of the Lair of Beasts
 15202 | Lair:1   | Reached skill level 5 in Translocations
 15543 | Lair:1   | Reached skill level 5 in Fighting
 15688 | Lair:1   | Reached XP level 12. HP: 93/103 MP: 18/18
 15759 | Lair:1   | Noticed Harold
 15772 | Lair:1   | Killed Harold
 15930 | Lair:1   | Reached ***** piety under Cheibriados
 16272 | Lair:1   | Noticed Erica
 16283 | Lair:1   | Killed Erica
 16284 | Lair:1   | Reached skill level 13 in Axes
 17159 | Lair:1   | Reached skill level 5 in Armour
 18383 | Lair:3   | Gained mutation: You can use your snake-like lower body to
                  | constrict enemies. [Naga growth]
 18383 | Lair:3   | Reached XP level 13. HP: 101/111 MP: 20/20
 18384 | Lair:3   | Found a staircase to the Shoals.
 18451 | Lair:3   | Found a frozen archway.
 18462 | Lair:3   | Reached ****** piety under Cheibriados
 18631 | IceCv    | Entered an ice cave
 19249 | IceCv    | Reached skill level 5 in Spellcasting
 19605 | IceCv    | Noticed a reaper
 19677 | IceCv    | Reached skill level 5 in Dodging
 19908 | IceCv    | Killed a reaper
 20180 | IceCv    | Got the Catalogue of the Snowflakes
 20386 | Lair:3   | Reached skill level 5 in Invocations
 20387 | Lair:3   | Found a staircase to the Snake Pit.
 20606 | Lair:3   | Reached skill level 5 in Transmutations
 20732 | Lair:3   | Reached skill level 5 in Earth Magic
 20912 | Lair:3   | Reached skill level 14 in Axes
 20912 | Lair:3   | Reached skill level 5 in Slings
 21110 | Lair:3   | You fall into a shaft and drop 1 floor!
 21297 | Lair:3   | Found a shadowy altar of Dithmenos.
 21847 | Lair:3   | Identified the amulet of Axant {Reflect Rampage rCorr Dex+4
                  | SH+5}
 22314 | Lair:4   | Reached XP level 14. HP: 121/121 MP: 15/22
 22451 | Lair:4   | Reached skill level 5 in Shields
 22808 | Lair:4   | Noticed Kirke
 22826 | Lair:4   | Killed Kirke
 23823 | Lair:5   | Acquired the +7 barding of Zivynoq {MP+9}
 24029 | Lair:5   | Found a viscous altar of Jiyva.
 24030 | Lair:5   | Found a staircase to the Slime Pits.
 24369 | Lair:6   | Entered Level 6 of the Lair of Beasts
 25756 | Lair:6   | Reached XP level 15. HP: 129/129 MP: 24/24
 25843 | Lair:6   | Reached skill level 10 in Stealth
 25924 | Lair:6   | Got the Handbook of Hexes and Darkness
 26748 | Orc:1    | Entered Level 1 of the Orcish Mines
 27312 | Orc:2    | Entered Level 2 of the Orcish Mines
 28164 | Orc:2    | Found a staircase to the Elven Halls.
 28437 | Orc:2    | Found Evuhuonn's Distillery.
 28437 | Orc:2    | Found Kufyic's Antique Armour Shoppe.
 28437 | Orc:2    | Found Omiy's Magic Scroll Emporium.
 28437 | Orc:2    | Found Korcheasi's Armour Shop.
 28449 | Orc:2    | Bought a scroll of identify for 24 gold pieces
 29075 | D:11     | Noticed Snorg
 29091 | D:11     | Killed Snorg
 29229 | D:11     | Found a radiant altar of Vehumet.
 29678 | D:12     | Noticed Nergalle
 29686 | D:12     | Killed Nergalle
 29749 | D:12     | Reached XP level 16. HP: 126/137 MP: 26/26
 29965 | D:10     | Killed Urug
 30049 | Snake:1  | Entered Level 1 of the Snake Pit
 30063 | Snake:1  | Found Besopedgh's Jewellery Emporium.
 30085 | Snake:1  | Bought the ring "Qats" {rF++ rC+ Str+6} for 1440 gold
                  | pieces
 31428 | Snake:2  | Noticed Aizul
 31450 | Snake:2  | Killed Aizul
 31463 | Snake:2  | Noticed Donald
 31477 | Snake:2  | Killed Donald
 31960 | Snake:2  | Killed from afar by a shock serpent

Illustrated notes

Levels and vault maps discovered:
D:1:      ncdulo_wetmaze, layout_basic
D:2:      layout_loops_corners, basic_ecumenical_altar,
          minmay_randomly_rotated_circles
D:3:      layout_rooms, lemuel_tele_altar, serial_bayou, serial_bayou_crossing,
          serial_bayou_shore_a, serial_bayou_lake_a, serial_bayou_pond_a
D:4:      layout_loops_ring, general_overflow_altar, gup_sewer_entry_bubbles,
          serial_shops, nicolae_shop_behind_doors, nicolae_shop_stone,
          nicolae_shop_advertising_works [nicolae_subvault_shop_adworks],
          hangedman_decor_peaks_small, minmay_pentangle
D:5:      layout_basic, serial_shops, shop, corexii_corridor_pit
D:6:      layout_gridville
D:7:      layout_gridville, minmay_temple_entry_purple_smoke, serial_shops,
          nicolae_square_shop, uniq_crazy_yiuf_cottage, uniq_pikel
D:8:      layout_gridville, mainiacjoe_overflow_catwalk,
          nicolae_overflow_hallway_of_the_gods, minmay_misc_feat_five,
          grunt_decor_mini_mirrors, corner_web_ring
D:9:      minmay_separated_statues, layout_rooms, david_orc_3, hive_lemuel
D:10:     layout_long_grid, mainiacjoe_overflow_alcove_4, dpeg_oklobed_lair,
          uniq_sonja, uniq_fannar, uniq_psyche, uniq_urug, uniq_grum
D:11:     layout_loops_ring, vehumet_crystals, uniq_snorg
D:12:     thingy_vault, layout_stronghold, hex_medium, uniq_nergalle
Temple:   jpeg_temple_island
Lair:1:   layout_loops_ring, infiniplex_staircase_pool_2, uniq_erica,
          uniq_harold
Lair:2:   layout_roguey
Lair:3:   wad_woods_minihive, layout_cave_shapes, elwin_shoals_entry_rocks,
          minmay_snake_entry_guardpost_small, portal_ice_cave_rime, basic_altar
Lair:4:   layout_cave_pods, grunt_forest_large_clearings, grunt_megastairs_1,
          infiniplex_staircase_pool, uniq_kirke
Lair:5:   layout_misc_corridors, dpeg_slime_entry_enclosed_altar
Lair:6:   grunt_lair_end_beastmaster, layout_loops_ring, worms_lemuel,
          lemuel_fruit_tree, grunt_megastairs_2, serial_bayou_shore_b
Snake:1:  layout_grid_shapes, serial_shops, nicolae_shop_hallway_plus,
          nicolae_snake_round_shape_thing
Snake:2:  layout_rooms, serial_bayou_shore_b, uniq_donald, uniq_aizul
Orc:1:    cheibrodos_orc_guarddog, layout_diamond_mine, mines2_lemuel
Orc:2:    st_orc_ogre_mass, layout_diamond_mine, special_room

Skill      XL: |  1  2  3  4  5  6  7  8  9 10 11 12 13 14 15 16 |
---------------+-------------------------------------------------+-----
Axes           | 3 4 5 6 7 9 10 11 12 13 14 | 14.9
Armour         | 1 3 4 5 6 |  6.9
Stealth        | 1 3 5 6 7 8 9 10 11 | 11.2
Invocations    | 2 3 4 5 6 7 |  7.3
Transmutations | 2 3 4 5 6 |  6.9
Earth Magic    | 1 2 3 4 5 6 7 |  7.0
Slings         | 1 2 3 4 5 6 7 |  7.1
Dodging        | 2 3 4 5 6 7 |  7.1
Shields        | 1 2 3 4 6 7 |  7.9
Fighting       | 4 5 6 7 8 |  8.6
Spellcasting   | 3 4 5 6 |  6.9
Translocations | 4 5 6 7 |  7.6
Throwing       | |  0.8

Action                   |  1- 3 |  4- 6 |  7- 9 | 10-12 | 13-15 | 16-18 || total
-------------------------+-------+-------+-------+-------+-------+-------++-------
Melee: Hand axe          |   119 |   185 |   426 |   444 |  1408 |   170 ||  2752
       Punch             |     1 |     2 |     5 |     4 |       |       ||    12
       Battleaxe         |       |       |       |   263 |    27 |       ||   290
       Constrict         |       |       |       |       |   290 |    34 ||   324
 Fire: Hunting sling     |       |     2 |       |       |   166 |       ||   168
 Cast: Blink             |       |     1 |       |     1 |    57 |       ||    59
 Abil: Spit Poison       |     8 |    30 |    32 |    19 |       |       ||    89
       Breathe Poison Ga |       |       |       |    20 |    23 |     5 ||    48
Evoke: Wand              |       |       |       |       |     4 |       ||     4
  Use: Potion            |       |     2 |       |     4 |       |       ||     6
       Scroll            |       |     8 |     5 |     7 |     9 |     3 ||    32
 Stab: Sleeping          |       |       |       |     1 |    13 |     5 ||    19
       Distracted        |       |       |       |     1 |     6 |       ||     7
       Petrified         |       |       |       |       |    10 |       ||    10
Armor: Leather armour    |     8 |       |       |       |       |       ||     8
       Scale mail        |    49 |    99 |   183 |   154 |       |       ||   485
       Robe              |       |       |       |   230 |   358 |       ||   588
       Troll leather arm |       |       |       |       |   166 |    62 ||   228
Dodge: Dodged            |    72 |   132 |   161 |   356 |   528 |    61 ||  1310
Block: Other             |       |    50 |    83 |   162 |     9 |       ||   304
       Reflection        |       |     1 |     1 |     8 |     6 |    27 ||    43
       Kite shield       |       |       |       |       |  1391 |   131 ||  1522

Table legend: (Time is in decaauts)
 A = Elapsed time spent in this place.
 B = Non-inter-level travel time spent in this place.
 C = Inter-level travel time spent in this place.
 D = Time resting spent in this place.
 E = Time spent auto-exploring this place.
 F = Levels seen in this place.
 G = Mean time per level.
                   A        B        C        D        E       F      G
               +--------+--------+--------+--------+--------+-----+--------+
         Total |  51281 |  47306 |   3975 |   6188 |  29623 |  25 | 2051.2 |
       Dungeon |  22616 |  20313 |   2303 |   2278 |  13496 |  12 | 1884.7 |
        Temple |    130 |     62 |     68 |      0 |     45 |   1 |  130.0 |
          Lair |  17970 |  16845 |   1125 |   2294 |  10631 |   6 | 2995.0 |
     Snake Pit |   4126 |   3830 |    296 |    219 |   2758 |   2 | 2063.0 |
  Orcish Mines |   3557 |   3377 |    180 |    471 |   1734 |   2 | 1778.5 |
         Sewer |    557 |    557 |      0 |    171 |    212 |   1 |  557.0 |
      Ice Cave |   2322 |   2322 |      0 |    755 |    743 |   1 | 2322.0 |
               +--------+--------+--------+--------+--------+-----+--------+

Top non-repeatable levels by time:
  Lair:3: 3678 daAuts
  Lair:1: 3347 daAuts
  Lair:4: 3278 daAuts
  Lair:6: 3000 daAuts
     D:8: 2989 daAuts
    D:10: 2900 daAuts
 Snake:1: 2685 daAuts
  Lair:5: 2468 daAuts
     D:7: 2409 daAuts
   IceCv: 2322 daAuts
  Lair:2: 2195 daAuts
   Orc:1: 2193 daAuts
     D:9: 2012 daAuts
     D:3: 1724 daAuts
     D:4: 1689 daAuts
